 Dungeon Crawl Stone Soup version 0.18.1-50-g88ac8fd (webtiles) character file.

174 KarmaPolice the Sneak (level 5, 0/35 HPs)
             Began as a Vampire Enchanter on Sept 27, 2016.
             Slain by a scorpion (8 damage)
             ... on level 3 of the Dungeon.
             The game lasted 00:07:17 (2402 turns).

KarmaPolice the Sneak (Vampire Enchanter)           Turns: 2402, Time: 00:07:18

Health: 0/35       AC:  3    Str:  8    XL:     5   Next: 28%
Magic:  0/9        EV: 12    Int: 17    God:
Gold:   129        SH:  0    Dex: 15    Spells: 4 memorised, 0 levels left

rFire  . . .     SeeInvis +     l - +2 dagger (elec)
rCold  + + .     Gourm    .     b - +1 robe
rNeg   + + +     Faith    .     (no shield)
rPois  +         Spirit   .     (no helmet)
rElec  .         Dismiss  .     (no cloak)
rCorr  .         Reflect  .     (no gloves)
SustAt .         Harm     .     (no boots)
MR     .....                    (no amulet)
Stlth  ++++......               (no ring)
                                (no ring)

@: very slightly contaminated, regenerating slowly, not resistant to hostile
enchantments, stealthy
A: fangs 3, see invisible, unbreathing
a: Bat Form


You were on level 3 of the Dungeon.
You were near bloodless.

You visited 1 branch of the dungeon, and saw 3 of its levels.

You collected 129 gold pieces.

Inventory:

Hand Weapons
 l - a +2 dagger of electrocution (weapon)
Armour
 b - a +1 robe (worn)
 m - a +0 pair of gloves
Jewellery
 i - an uncursed ring of stealth {unknown}
 j - an uncursed ring of protection from magic {unknown}
 u - an uncursed amulet of harm {unknown}
Scrolls
 a - a scroll of teleportation {unknown}
 f - 2 scrolls of enchant armour {unknown}
 k - a scroll of remove curse {unknown}
 n - 2 scrolls of identify {unknown}
 p - 3 scrolls of magic mapping {unknown}
 q - a scroll of immolation {unknown}
 r - a scroll of enchant weapon {unknown}
 v - a scroll of blinking {unknown}
Potions
 d - 26 potions of blood
 e - a potion of haste {unknown}
 g - 4 potions of curing {unknown}
 h - a potion of agility {unknown}
 o - 2 potions of mutation {unknown}
 s - a potion of flight {unknown}
 t - a potion of berserk rage {unknown}
Books
 c - a book of Maledictions

   Spells                             Type                      Level
   a - Corona                         Hexes                        1
   b - Ensorcelled Hibernation        Hexes/Ice                    2
   c - Confuse                        Hexes                        3
   d - Tukima's Dance                 Hexes                        3
   e - Dazzling Spray                 Conjuration/Hexes            3


   Skills:
 + Level 2.9 Short Blades
 - Level 2.1 Dodging
 + Level 6.0 Stealth
 + Level 2.9 Spellcasting
 + Level 6.0 Hexes


You couldn't memorise any spells.
You knew the following spells:

 Your Spells              Type           Power        Failure   Level  Hunger
a - Corona                Hex            ###....      1%          1    #......
b - Ensorcelled Hibernat  Hex/Ice        ##....       10%         2    ##.....
c - Confuse               Hex            ###.....     6%          3    ###....
d - Tukima's Dance        Hex            ###.....     6%          3    ###....


Dungeon Overview and Level Annotations

Branches:
Dungeon (3/15)

Altars:
Okawaru
Ru


Innate Abilities, Weirdness & Mutations

You heal slowly.
You have razor-sharp teeth.
You have supernaturally acute eyesight.
You can survive without breathing.


Message History

Natasha screams in pain as she dies!
Your Hexes skill increases to level 6!
The scorpion closely misses you.
Casting: Ensorcelled Hibernation
Confirm with . or Enter, or press ? or * to list all spells.
Aiming: Ensorcelled Hibernation
Press: ? - help, Shift-Dir - straight line, f/p - scorpion
Aim: a scorpion (chance to defeat MR: 43%)
The scorpion resists with some effort.
You feel almost devoid of blood! The scorpion stings you.
You hit the worm.
The worm is lightly wounded.
The scorpion stings you!
You hit the worm. You bite the worm.
The worm is heavily wounded.
The worm bites you!
* * * LOW HITPOINT WARNING * * *
The scorpion stings you!
You die...

#. ### #.
w.# #
#.###.##.#
#..†.....#
#####.###...
###.###
#.....#
#w###.# #
#@# #.#.#
#s###...#
#.....###
#######


You could see a worm and a scorpion.

Vanquished Creatures
  Natasha (D:3)
  6 adders
  An ooze (D:3)
  2 worms (D:2)
  A dart slug (D:2)
  2 giant geckos
  6 orcs (D:3)
  6 giant cockroaches
  9 goblins
  5 hobgoblins
  3 jackals (D:3)
  3 quokkas (D:2)
  A ball python (D:1)
  9 bats
  7 giant newts
  9 kobolds
  5 rats
76 creatures vanquished.

Notes
Turn   | Place    | Note
--------------------------------------------------------------
     0 | D:1      | KarmaPolice the Vampire Enchanter began the quest for the Orb.
     0 | D:1      | Reached XP level 1. HP: 13/13 MP: 3/3
   121 | D:1      | Reached XP level 2. HP: 18/19 MP: 5/5
   170 | D:1      | Learned a level 2 spell: Ensorcelled Hibernation
   340 | D:1      | Found an iron altar of Okawaru.
   360 | D:1      | Reached skill level 5 in Hexes
   761 | D:2      | Reached skill level 5 in Stealth
   761 | D:2      | Reached XP level 3. HP: 23/24 MP: 3/6
   856 | D:2      | Found a sacrificial altar of Ru.
  1098 | D:2      | Reached XP level 4. HP: 30/30 MP: 7/7
  1673 | D:3      | Reached XP level 5. HP: 31/35 MP: 6/9
  1684 | D:3      | Learned a level 3 spell: Confuse
  1688 | D:3      | Learned a level 3 spell: Tukima's Dance
  2380 | D:3      | Noticed Natasha
  2389 | D:3      | Killed Natasha
  2402 | D:3      | Slain by a scorpion

Skill      XL: |  1  2  3  4  5 |
---------------+----------------+-----
Hexes          | 5 6 |  6.0
Stealth        | 5 6 |  6.0
Short Blades   | 2 |  2.9
Dodging        | |  2.1
Spellcasting   | |  2.9

Action                   |  1- 3 |  4- 6 || total
-------------------------+-------+-------++-------
Melee: Dagger            |    73 |    77 ||   150
       Bite              |     5 |     2 ||     7
 Cast: Corona            |     1 |     1 ||     2
       Ensorcelled Hiber |     6 |     6 ||    12
       Confuse           |       |     1 ||     1
 Abil: End Transformatio |       |     1 ||     1
       Bat Form          |       |     1 ||     1
  Use: Potion            |       |     1 ||     1
 Stab: Sleeping          |    18 |    10 ||    28
       Confused          |       |     1 ||     1
  Eat: Corpse            |     1 |       ||     1
Armor: Robe              |    10 |    14 ||    24
Dodge: Dodged            |    39 |    35 ||    74
